 Dungeon Crawl Stone Soup version 0.29.1-12-g30fa7ad0bf (webtiles) character file.

Game seed: 8625218147753612833

23 suipiss the Digger (level 2, 0/19 HPs)
             Began as a Demonspawn Earth Elementalist on Jan 18, 2023.
             Slain by a gnoll
             ... wielding a +0 whip
              (6 damage)
             ... on level 2 of the Dungeon.
             The game lasted 00:01:18 (798 turns).

suipiss the Digger (Demonspawn Earth Elementalist)   Turns: 798, Time: 00:01:20

Health: 0/19       AC:  2    Str:  8    XL:     2   Next: 72%
Magic:  4/5        EV: 12    Int: 16    God:
Gold:   37         SH:  0    Dex: 13    Spells: 4/5 levels left

rFire   . . .      SeeInvis .   d - +0 hand axe
rCold   . . .      Faith    .   (no shield)
rNeg    . . .      Spirit   .   a - +0 robe
rPois   .          Reflect  .   (no helmet)
rElec   .          Harm     .   (no cloak)
rCorr   .          Rampage  .   (no gloves)
Will    .....                   (no boots)
Stlth   ++........              (no amulet)
HPRegen 0.06/turn               (no ring)
MPRegen 0.09/turn               (no ring)

@: no status effects
A: claws 1
a: no special abilities


You were on level 2 of the Dungeon.
You visited 1 branch of the dungeon, and saw 2 of its levels.

You collected 37 gold pieces.

Inventory:

Hand Weapons
 d - a +0 hand axe (weapon)
Armour
 a - a +0 robe (worn)
Scrolls
 e - a scroll of teleportation {unknown}
 f - a scroll of identify {unknown}
Potions
 c - a potion of heal wounds {unknown}


   Skills:
 - Level 1.7 Dodging
 - Level 1.7 Stealth
 * Level 2.3 Spellcasting
 * Level 1.1 Necromancy
 * Level 1.4 Transmutations
 * Level 3.0 Earth Magic


You had 4 spell levels left.
You knew the following spells:

 Your Spells              Type           Power      Damage    Failure   Level
a - Sandblast             Erth           22%        2d7       6%          1

Your spell library contained the following spells:

 Spells                   Type           Power      Damage    Failure   Level
 Passwall                 Tmut/Erth      6%         N/A       12%         2
 Stone Arrow              Conj/Erth      12%        3d7       32%         3
 Petrify                  Tmut/Erth      8%         N/A       63%         4


Dungeon Overview and Level Annotations

Branches:
Dungeon (2/15)

Altars:


Innate Abilities, Weirdness & Mutations

You have sharp fingernails.


Message History

The blast of sand hits the gnoll.
The gnoll is almost dead.
The gnoll hits you from afar with a +0 spear.
A gnoll comes into view. It is wielding a +0 club.
The gnoll hits you from afar with a +0 spear.
Casting: Sandblast (safe; 6% risk of failure)
Confirm with . or Enter, or press ? or * to list all spells.
Aiming: Sandblast (safe; 6% risk of failure)
Press: ? - help, Shift-Dir - straight line, f/p - gnoll
Aim: a gnoll, wielding a +0 spear (almost dead, 84% to hit)
The blast of sand hits the gnoll.
You kill the gnoll!
The gnoll shouts!
Your Necromancy skill increases to level 1!
Your Earth Magic skill increases to level 3!
Casting: Sandblast (safe; 6% risk of failure)
Confirm with . or Enter, or press ? or * to list all spells.
You don't have enough magic to cast this spell.
Unknown command.
Unknown command.
Casting: Sandblast (safe; 6% risk of failure)
Confirm with . or Enter, or press ? or * to list all spells.
Aiming: Sandblast (safe; 6% risk of failure)
Press: ? - help, Shift-Dir - straight line, f - gnoll
Aim: a gnoll, wielding a +0 whip (84% to hit)
The blast of sand hits the gnoll.
The gnoll is heavily wounded.
The gnoll hits you with a +0 whip. Magic courses through your body.
The gnoll closely misses you.
A goblin comes into view. It is wielding a +0 dagger.
Casting: Sandblast (safe; 6% risk of failure)
Confirm with . or Enter, or press ? or * to list all spells.
Aiming: Sandblast (safe; 6% risk of failure)
Press: ? - help, Shift-Dir - straight line, f/p - gnoll
Aim: a gnoll, wielding a +0 whip (heavily wounded, 84% to hit)
The blast of sand hits the gnoll.
The gnoll is severely wounded.
The goblin shouts!
The gnoll hits you with a +0 whip.
You die...

#...# ##...# ####.#####
.#...# #........ .#...#
#.##.#..#
.#...#######.##.#.[#
...................###
....### ####.##......
#.....# #.....#..#.####.
#.....###.#.....@.=.....
#...<.......#.##g######.
....#.###.............#
#.###.###.....##g##...#
...##.#...###.........#
...##.#...######.##.#.#
...##...........).. ..#
...####...######.g# .#
.........)......... #


You could see 2 gnolls and a goblin.

Vanquished Creatures
  A gnoll (D:2)
  An endoplasm (D:1)
  3 hobgoblins
  2 ball pythons (D:1)
  A bat (D:1)
  A frilled lizard (D:1)
  A goblin (D:1)
  4 kobolds
  2 rats (D:1)
16 creatures vanquished.

Notes
Turn   | Place    | Note
-------+----------+-------------------------------------------
     0 | D:1      | suipiss the Demonspawn Earth Elementalist began the quest
                  | for the Orb.
     0 | D:1      | Reached XP level 1. HP: 13/13 MP: 3/3
    52 | D:1      | Reached skill level 1 in Transmutations
   191 | D:1      | Found a faded altar of an unknown god.
   470 | D:1      | Gained mutation: You have sharp fingernails. [demonic
                  | ancestry]
   470 | D:1      | Reached XP level 2. HP: 19/19 MP: 3/5
   792 | D:2      | Reached skill level 1 in Necromancy
   792 | D:2      | Reached skill level 3 in Earth Magic
   798 | D:2      | Slain by a gnoll

Illustrated notes

Levels and vault maps discovered:
D:1:      dpeg_arrival_short_road, layout_rooms,
          shapermc_ecumenical_altar_mp_urbaneastern
D:2:      layout_basic

Skill      XL: |  1  2 |
---------------+-------+-----
Transmutations | 1 |  1.4
Necromancy     | 1 |  1.1
Earth Magic    | 3 |  3.0
Dodging        | |  1.7
Stealth        | |  1.7
Spellcasting   | |  2.3

Action                   || total
-------------------------++-------
Melee: Hand axe          ||     2
 Cast: Sandblast         ||    25
  Use: Potion            ||     1
Dodge: Dodged            ||     3
